 Dungeon Crawl Stone Soup version 0.31.0-32-g396128a36d (webtiles) character file.

Game seed: 5369655065986126757

952 NotreDorf the Thaumaturge (level 7, 0/50 HPs)
             Began as a Mummy Hedge Wizard on Mar 13, 2024.
             Slain by an ufetubus (2 damage)
             ... on level 5 of the Dungeon on Mar 18, 2024.
             The game lasted 00:21:26 (5476 turns).

NotreDorf the Thaumaturge (Mummy Hedge Wizard)      Turns: 5476, Time: 00:21:26

Health: 0/50       AC:  5    Str: 14    XL:     7   Next: 90%
Magic:  18/18      EV: 12    Int: 15    God:
Gold:   34         SH:  0    Dex: 11    Spells: 13/22 levels left

rFire   x . .        o - +0 scimitar (freeze)
rCold   + . .        (no shield)
rNeg    + + +        b - +0 robe
rPois   ∞            g - +0 helmet
rElec   .            (no cloak)
rCorr   .            (no gloves)
SInv    .            d - +1 pair of boots
Will    .....        l - amulet of magic regeneration
Stlth   +            (no ring)
HPRegen 0.28/turn    (no ring)
MPRegen 0.56/turn

%: faith
@: silenced (expiring)
A: cold resistance 1, negative energy resistance 3, torment resistance 2, heat
vulnerability 1, in touch with death 1, no potions, faith
a: no special abilities


You were on level 5 of the Dungeon.
You visited 1 branch of the dungeon, and saw 5 of its levels.

You collected 150 gold pieces.
You spent 116 gold pieces at shops.

Inventory:

Hand Weapons
 m - a +0 spear
 o - a +0 scimitar of freezing (weapon)
Armour
 b - a +0 robe (worn)
 d - a +1 pair of boots (worn)
 g - a +0 helmet (worn)
Jewellery
 l - an amulet of magic regeneration (around neck)
Scrolls
 c - a scroll of amnesia
 j - a scroll of teleportation
 n - a scroll of poison


   Skills:
 - Level 2.0 Fighting
 - Level 1.5 Dodging
 - Level 1.5 Stealth
 + Level 8.4 Spellcasting
 - Level 4.4 Conjurations
 + Level 2.4 Summonings
 - Level 0.7 Translocations


You had 13 spell levels left.
You knew the following spells:

 Your Spells              Type           Power      Damage    Failure   Level
a - Magic Dart            Conj           76%        1d6       1%          1
b - Blink                 Tloc           16%        N/A       13%         2
c - Mephitic Cloud        Conj/Alch/Air  10%        N/A       19%         3
d - Slow                  Hex            24%        N/A       12%         1
e - Call Imp              Summ           26%        N/A       6%          2

Your spell library contained the following spells:

 Spells                   Type           Power      Damage    Failure   Level
 Cigotuvi's Dreadful Rot  Necr/Alch/Air  18%        N/A       17%         2
 Passage of Golubria      Tloc           8%         N/A       63%         4
 Summon Forest            Summ/Tloc      5%         N/A       86%         5
 Silence                  Hex/Air        3%         N/A       97%         5
 Eringya's Noxious Bog    Alch           3%         4d6       100%        6
 Summon Hydra             Summ           6%         N/A       100%        7
 Lehudib's Crystal Spear  Conj/Erth      6%         10d3      100%        8


Dungeon Overview and Level Annotations

Branches:
Dungeon (5/15)
 Temple: D:4-7

Altars:

Shops:
D:1 (*   D:4 *

Annotations:
D:3 3 runed translucent doors, warriortoast's ghost, amateur GrEE
D:4 1 runed translucent door, Crazy Yiuf


Innate Abilities, Weirdness & Mutations

You are immune to poison.
Your flesh is cold resistant. (rC+)
You are immune to negative energy. (rN+++)
You are immune to unholy pain and torment.
You are vulnerable to heat. (rF-)
You are in touch with the powers of death.
You do not drink.
You have a special connection with the divine. (Faith)


Message History

You closely miss the orc.
The orc is severely wounded.
Something hits you but does no damage. The orc closely misses you.
Something hits you.
* * * LOW HITPOINT WARNING * * *
The orc hits you but does no damage.
You barely miss the orc.
The orc is severely wounded.
The orc hits you but does no damage. Something hits you but does no damage.
You hit the orc but do no damage.
The orc is severely wounded.
The orc hits you with a +0 dagger.
* * * LOW HITPOINT WARNING * * *
Something hits you but does no damage.
You slash the orc! You freeze the orc.
You kill the orc!
An ufetubus comes into view.
Something hits you.
* * * LOW HITPOINT WARNING * * *
The ufetubus closely misses you. x2; Something hits you.
* * * LOW HITPOINT WARNING * * *
The ufetubus hits you.
* * * LOW HITPOINT WARNING * * *
The ufetubus completely misses you.
An orc comes into view. It is wielding a +0 short sword.
The ufetubus slips past you! The ufetubus misses you. x2
Items here: ( ) [ †.
There is an open door here.
The ufetubus closely misses you. The ufetubus misses you.
You cannot cast spells when silenced!
You miss the ufetubus. The ufetubus closely misses you. The ufetubus hits you.
* * * LOW HITPOINT WARNING * * *
The ufetubus closely misses you.
The ufetubus hits you but does no damage.
You cannot cast spells when silenced!
The ufetubus attacks as it pursues you!
The ufetubus hits you but does no damage.
The ufetubus barely misses you. The ufetubus closely misses you.
The ufetubus hits you.
You die...

..?.!..........
.............
#...........
#####...........
.
.......)).......
#.
#####5.).......
##. ##'##.......
#...##
###5..##.#####
..8...###.@.8.+
.#
#.............#
.#
##....<....### #
###.....###
##.8.## #.....
....>...
..........
8...###...8


You could see 2 ufetubi.

Vanquished Creatures
  Sigmund (D:4)
  Menkaure (D:4)
  Edmund (D:4)
  An ice beast (D:4)
  A phantom (D:4)
  2 howler monkeys (D:4)
  An orc priest (D:5)
  3 jellies
  2 orc wizards (D:5)
  4 adders
  2 dart slugs
  A ribbon worm (D:4)
  3 orcs
  11 ball pythons
  8 bats
  4 endoplasms
  5 giant cockroaches
  A goblin (D:1)
  6 hobgoblins
  4 jackals
  3 quokkas
  3 frilled lizards
  7 kobolds
  4 rats (D:1)
79 creatures vanquished.

Vanquished Creatures (collateral kills)
  A jelly (D:5)
  An adder (D:4)
2 creatures vanquished.

Grand Total: 81 creatures vanquished

Notes
Turn   | Place    | Note
-------+----------+-------------------------------------------
     0 | D:1      | NotreDorf the Mummy Hedge Wizard began the quest for the
                  | Orb.
     0 | D:1      | Reached XP level 1. HP: 13/13 MP: 5/5
   266 | D:1      | Reached skill level 1 in Conjurations
   420 | D:1      | Found Magoho's Weapon Boutique.
   429 | D:1      | Reached XP level 2. HP: 20/20 MP: 0/7
   640 | D:1      | Reached skill level 1 in Fighting
   779 | D:1      | Found Vaekli's General Store.
   795 | D:1      | Bought a scroll of identify for 24 gold pieces
  1585 | D:2      | Reached XP level 3. HP: 25/26 MP: 1/8
  1661 | D:1      | Learned a level 2 spell: Blink
  1665 | D:1      | Learned a level 3 spell: Mephitic Cloud
  2458 | D:2      | Learned a level 1 spell: Slow
  2783 | D:3      | Found a faded altar of an unknown god.
  3150 | D:3      | Reached XP level 4. HP: 33/33 MP: 6/10
  3412 | D:3      | Found a runed translucent gate.
  3412 | D:3      | Found a runed translucent gate.
  3412 | D:3      | Found a runed translucent gate.
  3414 | D:3      | Noticed warriortoast's ghost (amateur GrEE)
  3911 | D:4      | Noticed Sigmund
  3930 | D:4      | Killed Sigmund
  3931 | D:4      | Reached skill level 6 in Spellcasting
  3931 | D:4      | Reached XP level 5. HP: 24/38 MP: 8/13
  4022 | D:3      | Learned a level 2 spell: Call Imp
  4042 | D:4      | Reached XP level 6. HP: 10/44 MP: 12/15
  4332 | D:4      | Found Echaz's General Store.
  4372 | D:4      | Bought a +0 scimitar of freezing for 92 gold pieces
  4628 | D:4      | Noticed Menkaure
  4636 | D:4      | Killed Menkaure
  4637 | D:4      | Reached skill level 7 in Spellcasting
  4637 | D:4      | Reached XP level 7. HP: 50/50 MP: 14/17
  4888 | D:4      | Found a runed translucent door.
  4889 | D:4      | Noticed Crazy Yiuf
  4959 | D:4      | Noticed Edmund
  4969 | D:4      | Killed Edmund
  5091 | D:5      | Entered Level 5 of the Dungeon
  5151 | D:4      | Reached skill level 1 in Summonings
  5158 | D:4      | Reached skill level 8 in Spellcasting
  5475 | D:5      | HP: 2/50 [ufetubus (4)]
  5476 | D:5      | Slain by an ufetubus

Illustrated notes

Levels and vault maps discovered:
D:1:      scummos_arrival_checkerplants, layout_loops_corners, serial_shops,
          nicolae_shop_tiny_statue_garden, nicolae_shop_bloodbath_and_beyond
D:2:      layout_basic
D:3:      layout_loops_corners, ebering_ecumenical_altar_box,
          ebering_ghost_rock_garden
D:4:      layout_loops_ring, serial_shops, shop, minmay_misc_feat_diagonals,
          uniq_edmund, uniq_sigmund, uniq_crazy_yiuf_cottage, uniq_menkaure
D:5:      layout_basic, okawaru_gym_becter, overflow_temple_1_default,
          cheibrodos_sewer_entry_bend, grunt_ministairs_13,
          nicolae_concentric_dashed_squares_mild

Skill      XL: |  1  2  3  4  5  6  7 |
---------------+----------------------+-----
Conjurations   | 1 3 4 |  4.4
Fighting       | 1 2 |  2.0
Spellcasting   | 6 7 8 |  8.4
Summonings     | 2 |  2.4
Dodging        | |  1.5
Stealth        | |  1.5
Translocations | |  0.7

Action                     |  1- 3 |  4- 6 |  7- 9 || total
---------------------------+-------+-------+-------++-------
  Melee: Dagger            |    10 |       |       ||    10
         Short sword       |     9 |    14 |       ||    23
         Spear             |       |    21 |       ||    21
         Scimitar          |       |    11 |    38 ||    49
         Punch             |       |     1 |       ||     1
   Cast: Magic Dart        |   132 |    81 |    35 ||   248
         Mephitic Cloud    |       |     1 |     2 ||     3
         Blink             |       |     1 |     1 ||     2
         Call Imp          |       |     1 |     5 ||     6
    Use: Scroll            |     1 |     7 |     1 ||     9
   Stab: Confused          |       |     1 |       ||     1
         Sleeping          |       |       |     1 ||     1
 Armour: Robe              |    27 |    36 |    73 ||   136
  Dodge: Dodged            |    32 |    43 |    61 ||   136
